 Dungeon Crawl Stone Soup version bcrawl-1.18.1 (webtiles) character file.

Game seed: 2200992928476612233

8274 Revguard the Cleaver (level 11, -15/77 HPs)
             Began as a Barachi Monk on Nov 8, 2019.
             Was the Champion of Cheibriados.
             Demolished by an orc warlord
             ... wielding a +0 war axe
              (26 damage)
             ... in a bailey.
             The game lasted 00:31:09 (8120 turns).

Revguard the Cleaver (Barachi Monk)                 Turns: 8120, Time: 00:31:09

Health: -15/77     AC: 18    Str: 30    XL:     11   Next: 28%
Magic:  0/15       EV: 15    Int: 28    God:    Cheibriados [******]
Gold:   756        SH: 15    Dex: 33    Spells: 10/10 levels left

rFire    . . .     SeeInvis .   m - +6 war axe
rCold    . . .     Gourm    .   o - +2 shield "Rotaxkio" {Dex+3}
rNeg     + . .     Faith    .   g - +4 scale mail
rPois    .         Spirit   +   l - +0 helmet
rElec    .         Reflect  .   p - +0 cloak
rCorr    .         Harm     .   a - +0 pair of gloves
MR       .....                  e - +0 pair of boots
Stlth    ++........             d - amulet of guardian spirit
HPRegen  0.22/turn              j - ring of positive energy
MPRegen  0.14/turn              (no ring)

@: can't hop, very slightly contaminated, invisible, very slow
A: +LOS, swims, clever 1, frail 1, screaming 1, slowness 1, strong legs 1
a: Hop, Bend Time, Temporal Distortion, Slouch, Step From Time, Renounce
Religion


You were in a bailey.
You worshipped Cheibriados.
Cheibriados was exalted by your worship.
You were hungry.

You visited 2 branches of the dungeon, and saw 9 of its levels.
You also visited: Bailey.

You collected 756 gold pieces.

Inventory:

Hand Weapons
 b - the +9 staff of Olgreb {rPois}
   (You found it on level 5 of the Dungeon)

   It protects you from poison.
 m - a +6 war axe (weapon)
Armour
 a - a +0 pair of gloves (worn)
 e - a +0 pair of boots (worn)
 g - a +4 scale mail (worn)
 l - a +0 helmet (worn)
 o - the +2 shield "Rotaxkio" (worn) {Dex+3}
   (You found it on level 5 of the Dungeon)

   It affects your dexterity (+3).
 p - a +0 cloak (worn)
Jewellery
 d - an amulet of guardian spirit (around neck)
 j - a ring of positive energy (left hand)
 q - an uncursed amulet of magic regeneration
Scrolls
 h - 5 scrolls of teleportation
 k - 9 scrolls of remove curse
 r - a scroll of vulnerability {unknown}
 s - 2 scrolls of identify
 t - 2 scrolls of enchant weapon
Potions
 c - a potion of invisibility
 n - 2 potions of curing
 u - a potion of brilliance
 v - a potion of magic
 w - a potion of might
 x - 2 potions of resistance
Comestibles
 f - 13 rations {!d}


   Skills:
 + Level 8.1 Fighting
 + Level 11.5 Axes
 * Level 9.8 Armour
 + Level 6.0 Dodging
 - Level 2.0 Stealth
 * Level 5.4 Shields
 * Level 5.9 Invocations


You had 10 spell levels left.
You didn't know any spells.
Your spell library contained the following spells:

 Spells                   Type           Power        Failure   Level  Hunger
 Sandblast                Erth           #.....       56%         1    ##.....
 Passwall                 Tmut/Erth      #.......     71%         2    ###....
 Stone Arrow              Conj/Erth      #.....       91%         3    ####...
 Petrify                  Tmut/Erth      #.......     100%        4    #####..
 Lee's Rapid Deconstruct  Erth           #.........   100%        5    ######.


Dungeon Overview and Level Annotations

Branches:
Dungeon (8/12)             Temple (1/1) D:4             Orc (0/1) D:8
   Lair: D:7-9

Altars:
Ashenzari
Cheibriados
Dithmenos
Elyvilon
Fedhas
Gozag
Hepliaklqana
Kikubaaqudgha
Lugonu
Makhleb
Nemelex Xobeh
Okawaru
Qazlal
Ru
Sif Muna
Uskayaw
Vehumet
Wu Jian
Xom
Zin
The Shining One
Beogh

Shops:
D:7 }   D:8 ?

Annotations:
D:5 1 runed door


Innate Abilities, Weirdness & Mutations

Shadows flee at your approach. (+LOS)
You can swim through water.
You cover ground slowly.
You can hop short distances.
Your mind is acute. (Int +2)
You are frail. (-10% HP)
You occasionally shout uncontrollably at your foes.


Message History

The orc warlord hits you with a +0 war axe!!
* * * LOW HITPOINT WARNING * * *
The orc warlord splashes around in the water.
There is an open gate here.
The orc warlord barely misses you.
Okay, then.
Okay, then.
You feel better.
You catch the helpless orc warlord completely off-guard!
You hit the orc warlord.
The orc warlord is severely wounded.
The orc warlord misses you.
You strike the helpless orc warlord from behind!
You slash the orc warlord!
The orc warlord is almost dead.
The orc warlord closely misses you.
You hit the orc warlord.
The orc warlord is almost dead.
The orc warlord hits you with a +0 war axe!!
You die...

.....#≈≈≈≈≈#...8..8..##
.....#≈≈≈≈≈#.........!#
8....'...())(.........#
...#########......8...#
..##≈≈≈#≈≈≈####......##
..#≈[.....≈#≈≈#.....##
..#≈?........≈#....##
.)##8.8...8.8≈##...#
.).#.........≈≈'@..#
...#....∩.)..≈≈o...#
...#.......).≈≈'...#
((##8.8...8.8≈##)..#
..#≈!........≈#..))##
..#≈|.....≈#≈≈#.....##
.(##≈≈≈#≈≈≈####......##
...#########......8...#
8....'.....'..........#


You could see an orc warlord.

Vanquished Creatures
  A centaur warrior (D:8)
  A two-headed ogre (D:8)
  Pikel (D:7)
  An ugly thing (D:6)
  An orc knight (Bailey)
  A troll (D:8)
  A yak (D:8)
  7 soldier ants (D:5)
  4 water moccasins (D:5)
  2 orc warriors
  A slave (D:7)
  A sky beast (D:7)
  2 ogres
  3 phantoms
  4 ice beasts
  The ghost of Nr616 the Chopper, an amateur MiGl of Qazlal (D:3)
  3 centaurs
  A crocodile (D:8)
  5 bullfrogs
  2 scorpions
  9 killer bees (D:5)
  9 wights (D:6)
  A howler monkey (D:5)
  4 crimson imps
  A quasit (D:8)
  2 hounds
  6 orc wizards
  2 centaur zombies (D:5)
  A gnoll shaman (D:5)
  2 orc priests
  3 bullfrog skeletons
  14 worker ants
  4 iguanas
  8 adders
  6 gnolls
  2 shadow imps
  An ooze (D:5)
  3 adder skeletons
  4 worms
  2 dart slugs
  5 leopard geckos
  40 orcs
  4 giant cockroaches
  12 goblins
  15 hobgoblins
  5 jackals
  24 kobolds
  2 quokkas
  2 ball pythons
  4 bats
  A frilled lizard (D:1)
  2 jackal skeletons
  A jackal zombie (D:5)
  A leopard gecko skeleton (D:3)
  A rat (D:1)
246 creatures vanquished.

Vanquished Creatures (others)
  A bush (D:8)
  3 fungi (D:8)
  A plant (D:8)
5 creatures vanquished.

Grand Total: 251 creatures vanquished

Notes
Turn   | Place    | Note
-------+----------+-------------------------------------------
     0 | D:1      | Revguard the Barachi Monk began the quest for the Orb.
     0 | D:1      | Reached XP level 1. HP: 18/18 MP: 2/2
   270 | D:1      | Reached XP level 2. HP: 22/25 MP: 3/3
   460 | D:1      | Reached skill level 1 in Armour
  1127 | D:2      | Reached XP level 3. HP: 30/30 MP: 4/4
  1212 | D:2      | Found an iron altar of Okawaru.
  1499 | D:2      | Found a faded altar of an unknown god.
  1529 | D:2      | Found a glowing silver altar of Zin.
  1530 | D:2      | Found a hazy altar of Hepliaklqana.
  1872 | D:2      | Found an opulent altar of Gozag.
  1923 | D:2      | Found a burning altar of Makhleb.
  1923 | D:2      | Found a shimmering altar of Xom.
  2075 | D:2      | Found an iron altar of Okawaru.
  2076 | D:2      | Found a shimmering blue altar of Sif Muna.
  2077 | D:2      | Found a shadowy altar of Dithmenos.
  2206 | D:3      | Reached skill level 4 in Axes
  2206 | D:3      | Reached XP level 4. HP: 37/37 MP: 5/5
  2318 | D:3      | Found a runed translucent gate.
  2318 | D:3      | Found a runed translucent gate.
  2319 | D:3      | Found a roughly hewn altar of Beogh.
  2319 | D:3      | Found a runed translucent gate.
  2321 | D:3      | Noticed Nr616's ghost (amateur MiGl)
  2373 | D:3      | Reached XP level 5. HP: 23/42 MP: 6/6
  2389 | D:3      | Killed Nr616's ghost
  2640 | D:3      | Reached skill level 5 in Axes
  2644 | D:3      | Reached XP level 6. HP: 39/49 MP: 4/7
  2994 | D:3      | Found a sacrificial altar of Ru.
  3306 | D:4      | Found a white marble altar of Elyvilon.
  3374 | D:4      | Reached XP level 7. HP: 28/55 MP: 6/8
  3628 | D:4      | Reached skill level 5 in Fighting
  3628 | D:4      | Reached skill level 6 in Axes
  3690 | D:4      | Found a staircase to the Ecumenical Temple.
  3729 | Temple   | Entered the Ecumenical Temple
  4275 | Temple   | Became a worshipper of Cheibriados the Contemplative
  4275 | Temple   | Reached * piety under Cheibriados
  4275 | Temple   | Reached ** piety under Cheibriados
  4359 | D:4      | Found a burning altar of Makhleb.
  4567 | D:5      | Entered Level 5 of the Dungeon
  4572 | D:5      | Reached skill level 5 in Armour
  4875 | D:5      | Found the +9 staff of Olgreb {rPois}
  4877 | D:5      | Found a runed door.
  4884 | D:5      | Noticed a soldier ant
  4885 | D:5      | Found a runed gate.
  4885 | D:5      | Noticed a soldier ant
  4885 | D:5      | Noticed a soldier ant
  4886 | D:5      | Found a runed door.
  4899 | D:5      | Reached skill level 7 in Axes
  4899 | D:5      | Reached XP level 8. HP: 61/63 MP: 9/9
  4904 | D:5      | Found a runed gate.
  4904 | D:5      | Found a runed gate.
  4945 | D:5      | Reached skill level 8 in Axes
  4959 | D:5      | Reached XP level 9. HP: 45/69 MP: 4/11
  4974 | D:5      | Reached *** piety under Cheibriados
  4991 | D:5      | Reached skill level 5 in Dodging
  5217 | D:5      | Reached skill level 9 in Axes
  5686 | D:5      | Found a radiant altar of Vehumet.
  5753 | D:5      | Reached **** piety under Cheibriados
  5982 | D:5      | Got a distressingly furry shield
  5985 | D:5      | Identified the +2 shield "Rotaxkio" {Dex+3} (You found it
                  | on level 5 of the Dungeon)
  6085 | D:6      | Reached skill level 10 in Axes
  6085 | D:6      | Reached XP level 10. HP: 77/77 MP: 13/13
  6125 | D:6      | Reached skill level 1 in Shields
  6339 | D:6      | Noticed a cyan ugly thing
  6348 | D:6      | Killed a cyan ugly thing
  6414 | D:6      | Found a shadowy altar of Dithmenos.
  6695 | D:7      | Reached skill level 5 in Invocations
  6805 | D:7      | Found Pubbai's Gadget Emporium.
  6811 | D:7      | Reached ***** piety under Cheibriados
  6843 | D:7      | Noticed Pikel
  6854 | D:7      | Killed Pikel
  6889 | D:7      | Gained mutation: You are frail. (-10% HP) [potion of
                  | mutation]
  6889 | D:7      | Gained mutation: You occasionally shout uncontrollably at
                  | your foes. [potion of mutation]
  6889 | D:7      | Gained mutation: Your mind is acute. (Int +2) [potion of
                  | mutation]
  7299 | D:8      | Noticed a centaur warrior
  7309 | D:8      | Killed a centaur warrior
  7309 | D:8      | Reached skill level 11 in Axes
  7408 | D:8      | Reached XP level 11. HP: 56/77 MP: 13/15
  7438 | D:8      | Found a stormy altar of Qazlal.
  7438 | D:8      | Found a blossoming altar of Fedhas.
  7441 | D:8      | Found a staircase to the Orcish Mines.
  7454 | D:8      | Found Lovoruac's Magic Scroll Emporium.
  7496 | D:8      | Noticed a two-headed ogre
  7500 | D:8      | Killed a two-headed ogre
  7500 | D:8      | Reached skill level 5 in Shields
  7725 | D:8      | Found a flagged portal.
  7735 | Bailey   | Entered a bailey
  7739 | Bailey   | Noticed an orc warlord
  7782 | Bailey   | Noticed an orc knight
  7812 | Bailey   | Killed an orc knight
  7830 | Bailey   | Found a runed gate.
  7830 | Bailey   | Found a runed gate.
  7830 | Bailey   | Found a runed gate.
  8065 | Bailey   | Reached ****** piety under Cheibriados
  8114 | Bailey   | HP: 3/77 [orc warlord/+0 war axe (17)]
  8120 | Bailey   | Demolished by an orc warlord

Skill      XL: |  1  2  3  4  5  6  7  8  9 10 11 |
---------------+----------------------------------+-----
Armour         | 1 2 3 4 5 7 8 9 |  9.8
Fighting       | 4 5 6 7 8 |  8.1
Axes           | 4 5 7 8 10 11 | 11.5
Dodging        | 4 5 6 |  6.0
Invocations    | 2 3 4 5 |  5.9
Shields        | 4 5 |  5.4
Stealth        | |  2.0

Action                   |  1- 3 |  4- 6 |  7- 9 | 10-12 || total
-------------------------+-------+-------+-------+-------++-------
Melee: Hand axe          |   147 |    70 |       |       ||   217
       War axe           |       |   110 |   249 |   246 ||   605
Invok: Slouch            |       |       |     1 |       ||     1
 Abil: Hop               |     1 |       |       |     2 ||     3
  Use: Potion            |     1 |     3 |     3 |     5 ||    12
       Scroll            |       |       |     7 |     7 ||    14
 Stab: Sleeping          |     3 |       |       |       ||     3
       Invisible         |       |       |       |     3 ||     3
       Distracted        |       |       |       |     1 ||     1
  Eat: Chunk             |     4 |     6 |     6 |     4 ||    20
Armor: Robe              |     3 |       |       |       ||     3
       Ring mail         |    50 |    15 |       |       ||    65
       Scale mail        |       |    52 |   125 |    96 ||   273
       Skin              |       |       |    31 |       ||    31
Dodge: Dodged            |   105 |   102 |   179 |   212 ||   598
Block: Shield            |       |       |     5 |   266 ||   271
